 Dungeon Crawl Stone Soup version 0.22-a0-322-g60b3cfd (webtiles) character file.

170 grindst0ne the Distorting Ant (level 5, -4/41 HPs)
             Began as a Formicid Abyssal Knight on Apr 2, 2018.
             Was a Believer of Lugonu.
             Slain by an ogre
             ... wielding a +0 giant club
              (14 damage)
             ... on level 3 of the Dungeon.
             The game lasted 00:07:30 (2616 turns).

grindst0ne the Distorting Ant (FoAK)                Turns: 2616, Time: 00:07:31

Health: -4/41      AC:  6    Str: 17    XL:     5   Next: 80%
Magic:  8/8        EV:  9    Int: 12    God:    Lugonu [**....]
Gold:   157        SH:  4    Dex: 10    Spells: 4/4 levels left

rFire    . . .     SeeInvis +   a - +1 hand axe
rCold    . . .     Gourm    .   k - +0 buckler
rNeg     . . .     Faith    .   i - +0 scale mail (curse)
rPois    .         Spirit   .   (helmet unavailable)
rElec    .         Reflect  .   (no cloak)
rCorr    .         Harm     .   (no gloves)
MR       .....                  (no boots)
Stlth    ..........             (no amulet)
HPRegen  0.13/turn              (no ring)
MPRegen  0.11/turn              (no ring)

@: very slightly contaminated, invisible
A: permanent stasis, dig shafts and tunnels, four strong arms, antennae 3
a: Dig, Shaft Self, Depart the Abyss, Bend Space, Renounce Religion


You were on level 3 of the Dungeon.
You worshipped Lugonu.
Lugonu was pleased with you.
You were hungry.

You visited 1 branch of the dungeon, and saw 3 of its levels.
You visited the Abyss 1 time.

You collected 157 gold pieces.

Inventory:

Hand Weapons
 a - a +1 hand axe (weapon)
 p - a +2 antimagic whip
Missiles
 d - 7 tomahawks (quivered)
Armour
 b - a +0 leather armour
 i - a cursed +0 scale mail (worn)
 k - a +0 buckler (worn)
 t - a +0 plate armour
 y - a +0 cloak
Scrolls
 f - 3 scrolls of identify {unknown}
 h - 2 scrolls of enchant armour {unknown}
 l - 2 scrolls of teleportation {unknown}
 u - a scroll of remove curse {unknown}
 w - a scroll of amnesia {unknown}
 x - a scroll of immolation {unknown}
Potions
 g - a potion of lignification {unknown}
 j - a potion of agility
 m - a potion of cancellation {unknown}
 n - a potion of resistance {unknown}
 o - a potion of invisibility
 q - a potion of might {unknown}
 r - 3 potions of curing {unknown}
 s - a potion of haste {unknown}
Comestibles
 c - 6 rations


   Skills:
 - Level 3.2 Fighting
 + Level 3.9 Axes
 - Level 2.1 Armour
 - Level 0.8 Dodging
 + Level 1.9 Shields
 + Level 4.5 Invocations


You had 4 spell levels left.
You didn't know any spells.

Dungeon Overview and Level Annotations

Branches:
Dungeon (3/15)

Altars:
Uskayaw

Annotations:
D:2 exclusion: downstairs


Innate Abilities, Weirdness & Mutations

You cannot be hasted, slowed, berserked, paralysed or teleported.
You can dig through walls and to a lower floor.
Your four strong arms can wield two-handed weapons with a shield.
You have a pair of large antennae on your head. (SInv)


Message History

* * * LOW HITPOINT WARNING * * *
Okay, then.
You are feeling hungry.
It was a potion of flight.
You feel very buoyant.
You fly up into the air.
You feel a little less agile now. Space bends sharply around you!
You blink.
The ogre barely misses you.
You are starting to lose your buoyancy.
It was a potion of invisibility.
You fade into invisibility!
You are very lightly contaminated with residual magic.
You hit the ogre.
The ogre is moderately wounded.
The ogre barely misses you.
You strike the helpless ogre from behind!
You slash the ogre!
The ogre is heavily wounded.
You float gracefully downwards.
The ogre hits you with a giant club!
You die...

#.# #......# #.......#... #.#
#......# #.#####..... #.#
#......# #.# ###... #.# #......#
#.# #... #.# #......###.#### ####
#.# #.............####### #.#
####...................#
#.########................#####.#
#(.............O@.........# #.#
#######.......#...#.......# #.#
#.......#####.......# #.#
#......## #.......# #.# ########
####.#### #.# #.# #.#
##########'########.#
............).......#
#............#########


You could see an ogre.

Vanquished Creatures
  An orc priest (D:3)
  6 adders
  3 worms (D:2)
  6 dart slugs
  3 leopard geckos
  2 orcs (D:3)
  2 ball pythons
  9 bats
  3 giant cockroaches (D:1)
  6 goblins
  3 hobgoblins
  A quokka (D:2)
  A frilled lizard (D:2)
  14 kobolds
  9 rats
69 creatures vanquished.

Notes
Turn   | Place    | Note
-------+----------+-------------------------------------------
     0 | Abyss:1  | grindst0ne the Formicid Abyssal Knight began the quest for the Orb.
     0 | Abyss:1  | Reached XP level 1. HP: 18/18 MP: 2/2
    72 | Abyss:1  | Noticed an iron imp
    86 | Abyss:1  | Noticed a ynoxinul
    90 | Abyss:1  | Noticed an iron imp
   100 | Abyss:1  | Noticed a shadow demon
   108 | Abyss:1  | Noticed a raiju
   114 | Abyss:1  | Noticed a chaos spawn
   114 | D:1      | Escaped the Abyss
   172 | D:1      | Reached * piety under Lugonu
   225 | D:1      | Reached XP level 2. HP: 16/24 MP: 3/3
   449 | D:1      | Reached skill level 3 in Invocations
   530 | D:1      | Reached XP level 3. HP: 24/29 MP: 5/5
   955 | D:2      | Reached XP level 4. HP: 35/35 MP: 6/6
  1099 | D:2      | Reached ** piety under Lugonu
  1371 | D:2      | Reached skill level 4 in Invocations
  1485 | D:3      | Noticed a dagger
  1486 | D:3      | Found a hide-covered altar of Uskayaw.
  1487 | D:3      | Noticed a dagger
  1496 | D:3      | Noticed an ogre
  2044 | D:3      | Reached XP level 5. HP: 30/41 MP: 8/8
  2139 | D:3      | Reached skill level 1 in Shields
  2539 | D:3      | HP: 1/41 [ogre/giant club (11)]
  2616 | D:3      | Slain by an ogre

Vault maps used:
D:1:      onia_arrival_larder, minmay_pentomino_s2
D:3:      dancing_weapons_uskayaw

Skill      XL: |  1  2  3  4  5 |
---------------+----------------+-----
Invocations    | 3 4 |  4.5
Axes           | 3 |  3.9
Shields        | 1 |  1.9
Fighting       | |  3.2
Armour         | |  2.1
Dodging        | |  0.8

Action                   |  1- 3 |  4- 6 || total
-------------------------+-------+-------++-------
Melee: Hand axe          |    81 |   143 ||   224
Throw: Tomahawk          |       |     4 ||     4
Invok: Depart the Abyss  |     1 |       ||     1
       Bend Space        |       |     2 ||     2
  Use: Potion            |       |     3 ||     3
 Stab: Invisible         |       |     1 ||     1
  Eat: Chunk             |       |     5 ||     5
Armor: Leather armour    |     6 |       ||     6
       Scale mail        |    27 |    44 ||    71
Dodge: Dodged            |    42 |    71 ||   113
Block: Buckler           |       |    19 ||    19

Table legend:
 A = Spawn XP
 B = Non-spawn XP
 C = Spawn XP percentage of total XP
 D = Spawn monster count
 E = Non-spawn monster count
 F = Spawn count percentage of total count
 G = Total turns spent on level
                    A         B        C        D         E        F      G
               +---------+---------+-------+---------+---------+-------+---------
         Total |       0 |     244 |   0.0 |       0 |      69 |   0.0 |  2616
               +---------+---------+-------+---------+---------+-------+---------
           D:1 |       0 |      42 |   0.0 |       0 |      24 |   0.0 |   681
           D:2 |       0 |      66 |   0.0 |       0 |      21 |   0.0 |   970
           D:3 |       0 |     136 |   0.0 |       0 |      24 |   0.0 |   851
               +---------+---------+-------+---------+---------+-------+---------
